 Dungeon Crawl Stone Soup version 0.22.0-16-gc6d26f6 (console) character file.

462430 removed the Sorcerer (level 23, -10/145 HPs)
             Began as a Deep Elf Hunter on Aug 17, 2018.
             Was the Champion of Kikubaaqudgha.
             Mangled by an ettin
             ... wielding a +0 dire flail
              (33 damage)
             ... on level 3 of the Depths.
             The game lasted 03:52:50 (74376 turns).

removed the Sorcerer (Deep Elf Hunter)             Turns: 74376, Time: 03:52:51

Health: -10/145    AC: 13    Str: 13    XL:     23   Next: 39%
Magic:  24/53      EV: 30    Int: 32    God:    Kikubaaqudgha [******]
Gold:   1374       SH:  0    Dex: 20    Spells: 24/70 levels left

rFire    + . .     SeeInvis +   a - +9 lajatang (vamp)
rCold    + . .     Gourm    .   (shield currently unavailable)
rNeg     . . .     Faith    .   y - +5 robe of Night {Dark MR+ SInv}
rPois    .         Spirit   .   t - +2 helmet
rElec    +         Reflect  .   T - scarf {rC+ rF+}
rCorr    .         Harm     .   S - +2 pair of gloves {Dex+3}
MR       +++..                  i - +2 pair of boots
Stlth    ++........             e - amulet of magic regeneration
HPRegen  0.34/turn              D - ring of Fyntean {+Fly rElec Str+4 Int+5 Dex+2}
MPRegen  0.58/turn              p - +5 ring of protection

@: about to teleport, corroded, deflect missiles
A: no striking features
}: 2/15 runes: decaying, gossamer
a: Receive Corpses, Torment, Renounce Religion, Evoke Flight


You were on level 3 of the Depths.
You worshipped Kikubaaqudgha.
Kikubaaqudgha was exalted by your worship.
You were not hungry.

You visited 9 branches of the dungeon, and saw 44 of its levels.
You also visited: Labyrinth and Bailey.

You collected 6995 gold pieces.
You spent 5621 gold pieces at shops.

Inventory:

Hand Weapons
 a - a +9 vampiric lajatang (weapon)
Missiles
 P - 7 curare-tipped needles
 Q - 3 throwing nets (quivered)
Armour
 i - a +2 pair of boots (worn)
 t - a +2 helmet (worn)
 y - the +5 robe of Night (worn) {Dark MR+ SInv}
   (You found it on level 1 of the Swamp)

   It affects your resistance to hostile enchantments.
   It lets you see invisible.
 R - a +2 cloak of magic resistance
 S - a +2 pair of gloves of dexterity (worn)
 T - a scarf of resistance (worn)
Jewellery
 c - an uncursed ring of protection from cold
 e - an amulet of magic regeneration (around neck)
 f - an uncursed ring of protection from fire
 m - the ring of the Mage {Wiz MR++ Int+3}
   (You took it off a deep elf annihilator on level 3 of the Elven Halls)

   [ring of wizardry]

   It improves your spell success rate.
   It affects your intelligence (+3).
   It affects your resistance to hostile enchantments.
 p - a +5 ring of protection (right hand)
 z - an uncursed ring of flight
 D - the ring of Fyntean (left hand) {+Fly rElec Str+4 Int+5 Dex+2}
   (You found it on level 13 of the Dungeon)

   [ring of intelligence]

   It affects your strength (+4).
   It affects your intelligence (+5).
   It affects your dexterity (+2).
   It insulates you from electricity.
   It lets you fly.
Wands
 g - a wand of clouds (8)
 h - a wand of iceblast (11)
 q - a wand of polymorph (64)
 v - a wand of acid (31)
 U - a wand of paralysis (48)
Scrolls
 o - a scroll of acquirement
 r - a scroll of enchant weapon
 u - 12 scrolls of identify
 w - a scroll of summoning
 x - 3 scrolls of fear
 E - 2 scrolls of brand weapon
 J - 16 scrolls of teleportation
 L - 4 scrolls of amnesia
 N - 11 scrolls of magic mapping
 V - 14 scrolls of remove curse
 Z - 7 scrolls of enchant armour
Potions
 j - 17 potions of curing
 k - a potion of might
 l - 3 potions of mutation
 s - 3 potions of invisibility
 A - 3 potions of brilliance
 C - 5 potions of ambrosia
 F - 5 potions of magic
 H - 3 potions of heal wounds
 I - 6 potions of flight
 K - 16 potions of agility
 M - 4 potions of resistance
 O - 9 potions of lignification
 W - 9 potions of haste
 Y - 3 potions of cancellation
Miscellaneous
 n - a lightning rod (4/4)
 G - a phantom mirror
Comestibles
 B - 43 rations
 X - 18 chunks of flesh


   Skills:
 + Level 15.4 Fighting
 - Level 14.0 Staves
   Level 5.0 Bows
 - Level 20.0 Dodging
 - Level 1.2 Stealth
 - Level 24.0 Spellcasting
 - Level 12.1 Charms
 - Level 12.0 Summonings
 - Level 20.0 Necromancy
 - Level 2.1 Translocations
 - Level 8.0 Air Magic
 - Level 13.2 Earth Magic


You had 24 spell levels left.
You knew the following spells:

 Your Spells              Type           Power        Failure   Level  Hunger
a - Pain                  Necr           ####         0%          1    None
b - Vampiric Draining     Necr           ########..   0%          3    None
d - Animate Dead          Necr           N/A          0%          4    None
e - Regeneration          Chrm/Necr      #######...   0%          3    None
g - Agony                 Necr           ########     0%          5    None
h - Haunt                 Necr/Summ      #######...   1%          7    None
l - Blink                 Tloc           N/A          1%          2    None
r - Deflect Missiles      Chrm/Air       #######...   1%          6    None
u - Dispel Undead         Necr           ########     0%          5    None
v - Borgnjor's Vile Clut  Necr/Erth      #######...   1%          5    None
w - Excruciating Wounds   Chrm/Necr      #######...   1%          5    None

Your spell library contained the following spells:

 Spells                   Type           Power        Failure   Level  Hunger
 Cause Fear               Hex            #####.....   7%          4    None
 Magic Dart               Conj           ####         1%          1    None
 Apportation              Tloc           ######       1%          1    None
 Conjure Flame            Conj/Fire      #####...     2%          3    None
 Bolt of Fire             Conj/Fire      #####.....   73%         6    None
 Bolt of Magma            Conj/Fire/Erth ######....   3%          5    None
 Slow                     Hex            #####...     1%          2    None
 Confuse                  Hex            #####...     2%          3    None
 Invisibility             Hex            #####...     73%         6    None
 Controlled Blink         Tloc           N/A          100%        8    ###....
 Mephitic Cloud           Conj/Pois/Air  ######..     1%          3    None
 Venom Bolt               Conj/Pois      #####.....   21%         5    None
 Olgreb's Toxic Radiance  Pois           #####...     7%          4    None
 Teleport Other           Tloc           ######..     1%          3    None
 Death's Door             Chrm/Necr      #######...   6%          8    ###....
 Summon Small Mammal      Summ           ####         0%          1    None
 Lehudib's Crystal Spear  Conj/Erth      ######....   97%         8    ###....
 Fire Storm               Conj/Fire      #####.....   100%        9    #####..
 Animate Skeleton         Necr           N/A          0%          1    None
 Borgnjor's Revivificati  Necr           ########..   1%          8    ###....
 Summon Ice Beast         Ice/Summ       ######..     1%          4    None
 Call Imp                 Summ           #######.     0%          2    None
 Poison Arrow             Conj/Pois      #####.....   73%         6    None
 Sting                    Conj/Pois      ####         1%          1    None
 Sublimation of Blood     Necr           ########..   0%          2    None
 Tukima's Dance           Hex            #####...     2%          3    None
 Shock                    Conj/Air       ####         1%          1    None
 Recall                   Summ/Tloc      N/A          1%          3    None
 Spider Form              Tmut/Pois      #####.....   2%          3    None
 Blade Hands              Tmut           #####.....   21%         5    None
 Ice Form                 Ice/Tmut       #####...     7%          4    None
 Dragon Form              Tmut           #####.....   99%         7    None
 Necromutation            Tmut/Necr      #######...   61%         8    ###....
 Death Channel            Necr           ########..   1%          6    None
 Glaciate                 Conj/Ice       #####.....   100%        9    #####..
 Confusing Touch          Hex            #####.       1%          1    None
 Flame Tongue             Conj/Fire      #####        1%          1    None
 Sticks to Snakes         Tmut           #####...     1%          2    None
 Call Canine Familiar     Summ           #######.     0%          3    None
 Ensorcelled Hibernation  Hex/Ice        #####.       1%          2    None
 Metabolic Englaciation   Hex/Ice        #####.....   21%         5    None
 Summon Butterflies       Summ           #######.     0%          1    None
 Silence                  Hex/Air        ######....   3%          5    None
 Dispersal                Tloc           ######....   43%         6    None
 Corona                   Hex            #####..      1%          1    None
 Alistair's Intoxication  Tmut/Pois      #####...     21%         5    None
 Simulacrum               Ice/Necr       #######...   1%          6    None
 Conjure Ball Lightning   Conj/Air       ######....   22%         6    None
 Chain Lightning          Conj/Air       ######....   100%        8    ###....
 Portal Projectile        Hex/Tloc       #####.       1%          3    None
 Petrify                  Tmut/Erth      ######..     1%          4    None
 Shroud of Golubria       Chrm/Tloc      ######....   1%          2    None
 Beastly Appendage        Tmut           #####.       1%          1    None
 Disjunction              Tloc           ######....   100%        8    ###....
 Dazzling Spray           Conj/Hex       #####.       2%          3    None
 Force Lance              Conj/Tloc      #####...     4%          4    None
 Infusion                 Chrm           ####         0%          1    None
 Song of Slaying          Chrm           #######.     0%          2    None
 Spectral Weapon          Hex/Chrm       ######..     1%          3    None
 Discord                  Hex            #####.....   100%        8    ###....
 Summon Forest            Summ/Tloc      ######....   1%          5    None
 Summon Lightning Spire   Summ/Air       #######.     1%          4    None
 Summon Guardian Golem    Hex/Summ       ######..     1%          3    None
 Dragon's Call            Summ           #######...   99%         9    #####..
 Gell's Gravitas          Tloc           ######....   1%          3    None
 Yara's Violent Unravell  Hex/Tmut       #####.....   21%         5    None
 Infestation              Necr           ########..   1%          8    ###....
 Lesser Beckoning         Tloc           ######....   1%          3    None
 Poisonous Vapours        Pois/Air       ######       1%          2    None


Dungeon Overview and Level Annotations

Branches:
Dungeon (15/15)            Temple (0/1) D:6            Lair (6/6) D:9
  Swamp (4/4) Lair:2       Spider (4/4) Lair:3        Slime (0/5) Lair:5
    Orc (2/2) D:11            Elf (3/3) Orc:2        Vaults (4/5) D:14
  Crypt (3/3) Vaults:3       Tomb (0/3) Crypt:3      Depths (3/5) D:15

Altars:
Ashenzari
Dithmenos
Hepliaklqana
Kikubaaqudgha
Nemelex Xobeh
Sif Muna
Trog
Vehumet
Wu Jian
The Shining One
Jiyva

Shops:
D:6 (   D:7 %   D:9 :?(*   Orc:1 !   Orc:2 ?:?[[   Elf:1 (((}   Vaults:4 ?

Portals:
Hell: Depths:1 Depths:2 Depths:3
Pandemonium: Orc:2
Ziggurat: Depths:1
Trove: D:12 (give 7 potions of haste)

Annotations:
Elf:2 3 runed doors


Message History

You feel much better. The caustic shrike claws you!!
* * * LOW HITPOINT WARNING * * *
The acid corrodes you!
You are splashed with acid!
The acid burns!
* * * LOW HITPOINT WARNING * * *
Your wraith hits the flayed ghost.
Press: ? - help, v - describe, . - travel
Here: a brown ugly thing The floor.
Casting: Blink (safe; 1% risk of failure)
Confirm with . or Enter, or press ? or * to list all spells.
You blink.
The great orb of eyes bites your wraith!
The ice dragon breathes frost at you. The blast of cold misses you.
Something hits your shadow wraith! Something hits your shadow wraith!!
The flayed ghost hits your wraith!!
Your wraith is destroyed!
Your wraith barely misses the flayed ghost.
The ettin barely misses you. The ettin hits you with a dire flail!!
You die...
Kikubaaqudgha rasps: "You have failed me!
Welcome... death!"

#.# +. #.# #. #.# #######. #.#
### #)..)### #.### #[..
#####'###. #...# ..###'###
#)#.....#. ###.# ..#..Du§#?#
#.#.⌠...'. #.# ..G...⌠b#.#
#.'..8.†#. #.# #W.8C@'.#
#.#.....## #.###
#.W...#.#######.....#. #...#
#..WW.###...####'##### #.#.#
#####W#####'###....#(#. #)#...
..# #W.C.#.....#..[.#.#.
#.######.#.#..W)#..⌠..)....'.#.
#.######.#.'..)))÷.8..#....#.#.
#........#%#....#.....###†####.
#######..####'###...(.#...[#...


You could see a caustic shrike, an ice dragon, a great orb of eyes, a brown ugly
thing, an ettin, a flayed ghost, 2 friendly shadow wraiths, 2 friendly freezing
wraiths and a friendly wraith.

Vanquished Creatures
  A curse toe (Crypt:3)
  Arachne (Spider:3)
  A lich (Vaults:3)
  A deep elf master archer (Elf:3)
  2 quicksilver dragons (Depths:3)
  Kirke (D:13)
  2 sphinxes (Depths:3)
  8 ancient champions
  Gastronok (Lair:2)
  2 storm dragons
  Agnes (D:14)
  4 fire giants
  The ghost of Eqorig the Brawler, a journeyman TrMo of Makhleb (Swamp:2)
  2 deep elf sorcerers
  6 frost giants
  4 revenants
  An orc warlord (D:12)
  The ghost of feelmyfire the Brawler, an adept VSTm of Qazlal (Spider:2)
  A balrug (Depths:1)
  2 emperor scorpions (Spider:4)
  A ghost moth (Spider:4)
  5 vault wardens
  4 caustic shrike skeletons (Crypt:3)
  A caustic shrike zombie (Crypt:2)
  7 ghouls
  2 curse skulls (Crypt:2)
  14 very ugly things
  11 ironheart preservers
  6 vampire knights
  3 entropy weavers
  3 deep elf demonologists (Elf:3)
  6 stone giants
  A minotaur (Lab)
  Azrael (Spider:2)
  2 deep elf annihilators
  10 spark wasps
  3 eidola
  7 deep elf death magi
  3 ettins (Depths:2)
  12 fire dragons
  A deep elf high priest (Elf:3)
  A merfolk impaler (Depths:2)
  6 yaktaur captains
  Erolcha (Orc:1)
  Fannar (Lair:2)
  7 jiangshi
  A quicksilver dragon skeleton (Crypt:2)
  4 vault guards (Vaults:1)
  3 rakshasas
  9 great orbs of eyes
  2 ghost crabs
  19 hydras
  A spriggan air mage (Depths:3)
  3 ice dragons
  A catoblepas (D:14)
  5 centaur warriors
  3 death knights
  Erica (Lair:2)
  44 two-headed ogres
  10 dancing weapons
  13 ogre magi
  15 alligators
  9 deep troll shamans
  6 deep troll earth magi
  6 tengu warriors
  9 vampire magi
  7 orc high priests
  2 spriggan berserkers (Depths:2)
  Urug (D:10)
  A soul eater (Crypt:1)
  Sonja (D:10)
  6 titan skeletons (Crypt:3)
  16 deep elf knights
  3 sun demons
  6 iron trolls
  34 skeletal warriors
  2 shadow wraiths
  A storm dragon skeleton (Crypt:1)
  A spriggan druid (Swamp:4)
  30 deep trolls
  A shambling mangrove (Swamp:2)
  3 unseen horrors
  An infernal demonspawn (Orc:2)
  A sixfirhy (Orc:2)
  A torturous demonspawn (Orc:2)
  12 deep elf archers
  4 glowing orange brains
  5 flayed ghosts (Crypt:3)
  3 wizards
  2 anaconda skeletons (Crypt:3)
  8 ironbrand convokers
  7 swamp dragons
  10 phantasmal warriors
  3 necromancers
  4 lindwurms
  13 harpies
  A faun (shapeshifter) (Depths:3)
  A mana viper (shapeshifter) (D:13)
  17 orc knights
  10 orc sorcerers
  41 ugly things
  A human zombie (Vaults:2)
  4 cyclopes
  58 deep elf magi
  A stone giant zombie (Crypt:1)
  28 wolf spiders
  5 manticores
  11 orb spiders
  A salamander (shapeshifter) (Vaults:3)
  3 moths of wrath
  A shadow dragon skeleton (Crypt:1)
  A fire giant zombie (Vaults:2)
  7 black mambas
  2 stone giant skeletons
  An eye of devastation (shapeshifter) (Depths:2)
  2 frost giant skeletons (Crypt:3)
  A fire giant skeleton (Crypt:3)
  7 centaur zombies
  9 vault sentinels
  A guardian serpent (shapeshifter) (Depths:2)
  A torpor snail (shapeshifter) (Depths:3)
  A smoke demon (Orc:2)
  A spiny frog (shapeshifter) (Depths:3)
  17 elephants
  A naga mage (D:15)
  A red draconian zombie (Crypt:3)
  A purple draconian zombie (Crypt:3)
  2 molten gargoyles (Lair:6)
  3 gargoyles
  18 spiny frogs
  A dire elephant skeleton (Crypt:3)
  A kobold demonologist (D:12)
  14 komodo dragons
  An efreet (D:14)
  A rime drake (Lair:3)
  7 demonic crawlers
  23 yaktaurs
  13 freezing wraiths
  7 tengu conjurers
  A yellow draconian skeleton (Crypt:1)
  34 jumping spiders
  An iron troll skeleton (Crypt:3)
  A troll (shapeshifter) (Vaults:2)
  2 polar bears
  A merfolk (D:12)
  2 polar bears (shapeshifter) (Vaults:1)
  A queen bee (Lair:2)
  A harpy skeleton (Crypt:2)
  11 trolls
  11 tyrant leeches
  A hydra skeleton (Crypt:1)
  A hydra zombie (Crypt:2)
  19 hornets
  Grinder (D:5)
  A hippogriff (shapeshifter) (Depths:1)
  17 blink frogs
  The ghost of Daviar the Ducker, an amateur OpFi of Cheibriados (D:5)
  45 slime creatures
  An ettin zombie (Crypt:3)
  13 hippogriffs
  2 satyr zombies
  7 bog bodies
  An ice dragon skeleton (Crypt:3)
  An ettin skeleton (Crypt:3)
  2 centaur simulacra (D:15)
  2 spriggans
  31 yaks
  A tarantella (shapeshifter) (D:14)
  An air elemental (Elf:3)
  9 wraiths
  5 shadows
  2 alligator skeletons (Crypt:3)
  54 redbacks
  2 vampires
  4 fire elementals
  24 tarantellas
  A wyvern (shapeshifter) (Vaults:3)
  5 wyverns
  6 water elementals
  A hog (D:13)
  Grum (D:10)
  A black mamba skeleton (Crypt:3)
  A yak (shapeshifter) (Elf:2)
  2 basilisks
  A steam dragon (Lair:6)
  15 vampire mosquitoes
  2 chaos spawn (Orc:2)
  A neqoxec (Orc:2)
  17 centaurs
  2 hungry ghosts
  A yaktaur simulacrum (Vaults:2)
  11 swamp worms
  2 human simulacra (Vaults:3)
  A faun zombie (Crypt:3)
  9 insubstantial wisps
  A swamp worm (shapeshifter) (Depths:2)
  8 wargs
  13 water moccasins
  A spiny frog zombie (Crypt:2)
  2 floating eyes
  8 hell hounds
  59 orc warriors
  11 porcupines
  A black bear (Lair:2)
  An eye of draining (D:12)
  7 sky beasts
  3 swamp drakes
  3 necrophages
  A snapping turtle zombie (Crypt:3)
  43 wolves
  5 phantoms
  33 ogres
  11 boggarts
  A snapping turtle skeleton (Crypt:3)
  13 crocodiles
  2 human skeletons
  An orc skeleton (Vaults:2)
  16 bullfrogs
  Blork the orc (D:4)
  A fire crab zombie (Crypt:1)
  4 big kobolds
  2 earth elementals
  A water moccasin zombie (D:9)
  A gnoll sergeant (Orc:1)
  A scorpion (shapeshifter) (Vaults:4)
  3 scorpions
  22 killer bees
  3 howler monkeys
  25 wights
  3 electric eels
  3 spriggan skeletons
  9 lava snakes
  A polar bear skeleton (Crypt:3)
  3 crimson imps
  3 jellies
  A quasit (D:12)
  4 bullfrog zombies
  A bullfrog skeleton (D:10)
  9 hounds
  37 orc priests
  31 orc wizards
  4 centaur skeletons
  6 worker ants
  2 iguanas
  A killer bee zombie (D:6)
  A sky beast zombie (Crypt:3)
  A hound skeleton (D:9)
  3 worker ant zombies
  4 gnolls (D:7)
  14 adders
  2 shadow imps
  2 oozes (D:2)
  An adder skeleton (D:8)
  A worm (D:4)
  3 dart slugs (D:2)
  3 leopard geckos
  166 orcs
  7 giant cockroaches
  6 goblins
  7 hobgoblins
  13 jackals
  22 kobolds
  2 quokkas
  3 ball pythons
  7 bats
  3 frilled lizards
  A leopard gecko skeleton (Crypt:2)
  A quokka skeleton (Crypt:1)
  A quokka zombie (D:7)
  6 rats
  A river rat skeleton (Crypt:1)
  A river rat zombie (Crypt:1)
  A crawling corpse (Elf:3)
1946 creatures vanquished.

Vanquished Creatures (collateral kills)
  Nikola (Elf:2)
  2 deep elf blademasters (Elf:3)
  2 titans (Depths:3)
  A deep elf master archer (Elf:3)
  A sphinx (Vaults:4)
  A thorn hunter (Swamp:4)
  A shadow dragon (Depths:1)
  2 deep elf sorcerers
  2 ghost moths (Spider:4)
  6 deep elf elementalists
  Louise (Swamp:3)
  A vault warden (Vaults:3)
  An ironheart preserver (Vaults:3)
  5 very ugly things
  7 stone giants
  A vampire knight (Depths:3)
  6 deep elf demonologists
  5 deep elf annihilators (Elf:3)
  An ettin (Vaults:2)
  3 deep elf death magi
  3 fire dragons
  3 hydras (Swamp:4)
  A deep elf high priest (Elf:3)
  A rakshasa (Vaults:1)
  A centaur warrior (Vaults:3)
  A death knight (Vaults:3)
  2 ogre magi
  2 two-headed ogres
  A dancing weapon (Elf:2)
  3 deep troll shamans
  2 deep troll earth magi
  A sun demon (Depths:1)
  A deep elf knight (Vaults:4)
  A wizard (Vaults:1)
  2 shambling mangroves
  A torturous demonspawn (Orc:2)
  2 deep elf archers (Vaults:3)
  3 swamp dragons
  3 deep trolls
  A harpy (Vaults:3)
  5 ironbrand convokers
  6 orb spiders (Spider:4)
  An ugly thing (Vaults:2)
  3 deep elf magi
  A harpy (shapeshifter) (Vaults:3)
  2 vault sentinels
  2 redbacks (Spider:4)
  2 swamp drakes (Swamp:4)
  An orc warrior (Bailey)
  A necrophage (D:7)
  4 boggarts
  2 ogres (Vaults:3)
  A crimson imp (Depths:2)
  4 orcs
  A crawling corpse (Elf:3)
121 creatures vanquished.

Vanquished Creatures (others)
  A deep elf demonologist (Elf:3)
  A deep elf death mage (Elf:2)
  A two-headed ogre (Depths:2)
  A dancing weapon (Elf:1)
  An alligator (Swamp:4)
  A deep elf knight (Elf:1)
  A wizard (D:15)
  A jumping spider (Spider:3)
  A water elemental (Elf:3)
  A human (D:13)
  3 orc warriors (Bailey)
  A centaur (Bailey)
  A crocodile (D:14)
  2 orcs
  13 fungi
  15 plants
45 creatures vanquished.

Grand Total: 2112 creatures vanquished

Notes
Turn   | Place    | Note
-------+----------+-------------------------------------------
     0 | D:1      | removed the Deep Elf Hunter began the quest for the Orb.
     0 | D:1      | Reached XP level 1. HP: 12/12 MP: 3/3
   506 | D:2      | Reached XP level 2. HP: 16/16 MP: 4/4
   543 | D:2      | Reached skill level 5 in Bows
   965 | D:2      | Found a shattered altar of Ashenzari.
   982 | D:2      | Reached XP level 3. HP: 19/21 MP: 5/5
  1486 | D:2      | Reached XP level 4. HP: 26/26 MP: 6/6
  3079 | D:3      | Reached XP level 5. HP: 4/32 MP: 7/7
  4810 | D:4      | Noticed Blork the orc
  5037 | D:4      | Reached skill level 5 in Dodging
  5463 | D:4      | Reached XP level 6. HP: 25/38 MP: 8/8
  5813 | D:4      | Found an ornate altar of the Wu Jian Council.
  6014 | D:5      | Entered Level 5 of the Dungeon
  6014 | D:5      | Noticed Grinder
  6068 | D:5      | Noticed a sky beast
  6109 | D:4      | Killed a sky beast
  6109 | D:4      | Reached skill level 5 in Fighting
  6342 | D:5      | Reached XP level 7. HP: 33/44 MP: 9/9
  6369 | D:5      | Found a large runed door.
  6369 | D:5      | Found a large runed door.
  6501 | D:5      | Found a deep blue altar of Sif Muna.
  6609 | D:5      | Found a glowing golden altar of the Shining One.
  6966 | D:5      | Paralysed by Grinder for 5 turns
  7075 | D:6      | Found Ijedopot's Weapon Shop.
  7189 | D:6      | Found a sparkling altar of Nemelex Xobeh.
  7211 | D:6      | Found a hazy altar of Hepliaklqana.
  7366 | D:6      | Found an ancient bone altar of Kikubaaqudgha.
  7367 | D:6      | Found a deep blue altar of Sif Muna.
  7369 | D:6      | Found a radiant altar of Vehumet.
  7372 | D:6      | Identified Kikubaaqudgha's Collected Works on Darkness
  7376 | D:6      | Learned a level 1 spell: Pain
  7377 | D:6      | Became a worshipper of Kikubaaqudgha
  7497 | D:6      | Reached skill level 1 in Spellcasting
  7497 | D:6      | Reached skill level 1 in Necromancy
  7541 | D:6      | Reached skill level 2 in Spellcasting
  7549 | D:6      | Reached skill level 3 in Spellcasting
  7665 | D:6      | Found a staircase to the Ecumenical Temple.
  7946 | D:6      | Found a shadowy altar of Dithmenos.
  8400 | D:7      | Reached skill level 4 in Spellcasting
  8400 | D:7      | Reached XP level 8. HP: 33/49 MP: 16/16
  8512 | D:7      | Found a flagged portal.
  8650 | Bailey   | Entered a bailey
  9076 | Bailey   | Reached skill level 5 in Spellcasting
  9078 | Bailey   | Reached skill level 5 in Necromancy
  9292 | Bailey   | Reached * piety under Kikubaaqudgha
  9292 | Bailey   | Identified Kikubaaqudgha's Incunabulum of Evil Rites (Kikubaaqudgha gifted it to you in a bailey)
  9292 | Bailey   | Received a gift from Kikubaaqudgha
  9292 | Bailey   | Reached skill level 6 in Spellcasting
  9300 | Bailey   | Learned a level 3 spell: Vampiric Draining
  9398 | Bailey   | Killed an orc warrior
  9398 | Bailey   | Reached skill level 7 in Spellcasting
  9879 | Bailey   | Reached XP level 9. HP: 46/54 MP: 22/22
 10104 | Bailey   | Reached skill level 8 in Spellcasting
 11023 | D:7      | Reached ** piety under Kikubaaqudgha
 11288 | D:7      | Found Ticen's Food Emporium.
 12413 | D:8      | Reached skill level 9 in Spellcasting
 12642 | D:8      | Reached XP level 10. HP: 48/59 MP: 25/25
 12897 | D:8      | Reached skill level 10 in Spellcasting
 13151 | D:9      | Found a staircase to the Lair.
 13183 | D:9      | Found Dyrerylu's Book Boutique.
 13341 | D:9      | Reached *** piety under Kikubaaqudgha
 13341 | D:9      | Identified Kikubaaqudgha's Almanac of Evil Rites (Kikubaaqudgha gifted it to you on level 9 of the Dungeon)
 13341 | D:9      | Received a gift from Kikubaaqudgha
 13351 | D:9      | Learned a level 5 spell: Agony
 13357 | D:9      | Learned a level 5 spell: Dispel Undead
 13460 | D:9      | Found Vaudaq's Magic Scroll Shoppe.
 13526 | D:9      | Noticed a two-headed ogre
 13533 | D:9      | Killed a two-headed ogre
 13533 | D:9      | Reached skill level 10 in Necromancy
 13735 | D:9      | Found Emuges's Assorted Antiques.
 14073 | D:9      | Found Xenibru's Antique Weapon Shoppe.
 14285 | D:9      | Bought a glowing lajatang for 396 gold pieces
 14522 | D:4      | Killed Blork the orc
 14654 | D:10     | Entered Level 10 of the Dungeon
 14688 | D:10     | Reached skill level 1 in Staves
 14768 | D:10     | Noticed Grum
 14783 | D:10     | Noticed Urug
 14912 | D:10     | Killed Grum
 15270 | D:10     | Learned a level 3 spell: Regeneration
 15316 | D:10     | Reached **** piety under Kikubaaqudgha
 15377 | D:10     | Got a fine quarterstaff
 15617 | D:10     | Noticed Sonja
 15627 | D:10     | Killed Sonja
 15627 | D:10     | Reached skill level 5 in Staves
 16034 | D:5      | Killed Grinder
 16140 | D:5      | Noticed Daviar's ghost (amateur OpFi)
 16149 | D:5      | Killed Daviar's ghost
 16149 | D:5      | Reached XP level 11. HP: 63/63 MP: 25/27
 16277 | D:10     | Killed Urug
 16383 | Lair:1   | Entered Level 1 of the Lair of Beasts
 16387 | Lair:1   | Noticed a five-headed hydra
 16416 | Lair:1   | Killed a five-headed hydra
 16760 | Lair:1   | Noticed a seven-headed hydra
 17379 | Lair:1   | Killed a seven-headed hydra
 17379 | Lair:1   | Reached skill level 10 in Staves
 17571 | Lair:2   | Found a labyrinth entrance.
 17579 | Lab      | Entered a labyrinth
 18582 | Lab      | Got a scorched rapier
 18924 | Lab      | Noticed a minotaur
 18939 | Lab      | Killed a minotaur
 18969 | Lab      | Got a polished trident {pierce}
 19028 | Lab      | Identified the Catalogue of Attacks and Boosts
 19191 | Lair:2   | Noticed Erica
 19199 | Lair:2   | Killed Erica
 19316 | Lair:2   | Noticed Fannar
 19391 | Lair:2   | Killed Fannar
 19391 | Lair:2   | Reached XP level 12. HP: 69/69 MP: 12/28
 19771 | Lair:2   | Noticed a five-headed hydra
 19778 | Lair:2   | Killed a five-headed hydra
 19875 | Lair:2   | Noticed Gastronok
 19876 | Lair:2   | Reached ***** piety under Kikubaaqudgha
 19884 | Lair:2   | Killed Gastronok
 19884 | Lair:2   | Reached skill level 10 in Dodging
 20027 | Lair:2   | Found a staircase to the Swamp.
 20915 | Lair:3   | Found a hole to the Spider Nest.
 21402 | Lair:3   | Reached skill level 11 in Spellcasting
 22035 | Lair:4   | Reached XP level 13. HP: 74/77 MP: 12/30
 22039 | Lair:4   | Reached skill level 12 in Spellcasting
 22849 | Lair:4   | Identified a scroll of acquirement
 23893 | Lair:5   | Found a staircase to the Slime Pits.
 23893 | Lair:5   | Found a viscous altar of Jiyva.
 24547 | Lair:6   | Entered Level 6 of the Lair of Beasts
 25077 | Lair:6   | Identified the +7 quarterstaff of the Pyrrhic Victory {venom, rC+ Int+2} (You found it on level 10 of the Dungeon)
 25175 | Lair:6   | Reached ****** piety under Kikubaaqudgha
 25337 | Lair:6   | Reached XP level 14. HP: 77/83 MP: 18/32
 26280 | D:11     | Found a staircase to the Orcish Mines.
 27151 | Orc:1    | Entered Level 1 of the Orcish Mines
 27532 | Orc:1    | Noticed Erolcha
 27538 | Orc:1    | Killed Erolcha
 27944 | Orc:1    | Learned a level 5 spell: Excruciating Wounds
 28090 | Orc:1    | Reached skill level 5 in Charms
 28156 | Orc:1    | Found Lieklisi's Distillery.
 28303 | Orc:2    | Entered Level 2 of the Orcish Mines
 28339 | Orc:2    | Found Mossialu's Armour Boutique.
 28523 | Orc:2    | Found a bloodstained altar of Trog.
 29116 | Orc:2    | Found a staircase to the Elven Halls.
 29536 | Orc:2    | Found Rafofuda's Magic Scroll Shoppe.
 29559 | Orc:2    | Found Okychy's Magic Scroll Emporium.
 29789 | Orc:2    | Paralysed by a chaos spawn for 6 turns
 30112 | Orc:2    | Reached skill level 10 in Fighting
 30223 | Orc:2    | HP: 4/87 [sun demon (5)]
 30290 | Orc:2    | Paralysed by an orc sorcerer for 4 turns
 30760 | Lair:6   | Found a large runed door.
 30904 | Lair:6   | Found a large runed door.
 31959 | D:12     | Reached XP level 15. HP: 92/92 MP: 33/33
 32519 | D:12     | Got a brightly glowing dagger
 32765 | D:12     | Noticed an orc warlord
 32778 | D:12     | Killed an orc warlord
 32914 | D:12     | Got a twisted war axe {pain}
 32954 | D:12     | Reached skill level 15 in Dodging
 33031 | D:12     | Found a portal to a secret trove of treasure.
 33377 | D:12     | Identified the +9 war axe "Kigga" {pain, *Corrode Str+4} (You took it off an orc wizard on level 12 of the Dungeon)
 33553 | D:9      | Bought a scroll of blinking for 112 gold pieces
 34045 | Orc:1    | Learned a level 4 spell: Animate Dead
 34235 | Orc:2    | Found Yluif's Antique Armour Shop.
 34235 | Orc:2    | Found Leuce's Book Boutique.
 34235 | Orc:2    | Found a one-way gate leading to the halls of Pandemonium.
 34250 | Orc:2    | Bought a pair of fine gloves for 323 gold pieces
 34260 | Orc:2    | Identified the cursed -3 pair of gloves "Dorch" {rPois} (You bought it in a shop on level 2 of the Orcish Mines)
 34274 | Orc:2    | Bought a book of Minor Magic for 360 gold pieces
 34277 | Orc:2    | Learned a level 2 spell: Blink
 34440 | D:9      | Bought a fizzy silvery potion for 27 gold pieces
 34543 | Orc:2    | Bought a scroll of enchant weapon for 97 gold pieces
 34543 | Orc:2    | Bought a scroll of enchant weapon for 97 gold pieces
 34823 | D:13     | Noticed Nessos
 34825 | D:13     | Noticed Nessos
 34825 | D:13     | Nessos changed into Nessos the tarantella
 34830 | D:13     | Killed Nessos the tarantella
 34833 | D:13     | Reached skill level 10 in Charms
 34940 | D:13     | Learned a level 6 spell: Deflect Missiles
 35004 | D:13     | Noticed Kirke
 35006 | D:13     | Noticed a sphinx
 35032 | D:13     | Reached skill level 1 in Air Magic
 35081 | D:13     | Killed Kirke
 35590 | D:13     | Got a warped steel ring
 35592 | D:13     | Identified the ring of Fyntean {+Fly rElec Str+4 Int+5 Dex+2} (You found it on level 13 of the Dungeon)
 35872 | D:14     | Found a gate to the Vaults.
 35944 | D:14     | Reached skill level 5 in Air Magic
 36281 | D:14     | Got a jewelled leather armour
 36295 | D:14     | Identified the +1 leather armour of Tartarus {rF+ MP+9} (You found it on level 14 of the Dungeon)
 36501 | D:14     | Noticed Agnes
 36506 | D:14     | Killed Agnes
 36818 | D:15     | Entered Level 15 of the Dungeon
 36871 | D:15     | Reached XP level 16. HP: 97/97 MP: 18/34
 37075 | D:15     | Got a jewelled scale mail
 37926 | D:15     | Paralysed by an ogre mage for 2 turns
 38518 | D:15     | Found a staircase to the Depths.
 38633 | D:11     | Got a distressingly furry cloak
 38644 | D:11     | Identified the -2 cloak "Tiklin" {-Cast rElec Str+7} (You acquired it on level 11 of the Dungeon)
 38727 | Orc:2    | Bought a scroll of acquirement for 676 gold pieces
 38727 | Orc:2    | Bought a scroll of blinking for 97 gold pieces
 38758 | Orc:2    | Bought a scroll of acquirement for 780 gold pieces
 38772 | Orc:2    | Received a gift from Kikubaaqudgha
 38998 | Spider:1 | Entered Level 1 of the Spider Nest
 39650 | Spider:2 | Found a runed door.
 39655 | Spider:2 | Noticed feelmyfire's ghost (adept VSTm)
 39677 | Spider:2 | Killed feelmyfire's ghost
 39691 | Spider:2 | Got a glittering platinum ring
 39693 | Spider:2 | Identified the ring of Quod {Str+5 SInv} (You found it on level 2 of the Spider Nest)
 39826 | Spider:2 | Reached skill level 15 in Necromancy
 39924 | Spider:2 | Noticed Azrael
 40097 | Spider:2 | Killed Azrael
 40491 | Spider:3 | Noticed Arachne
 40500 | Spider:3 | Killed Arachne
 41051 | Spider:3 | Reached skill level 13 in Spellcasting
 41126 | Spider:3 | Learned a level 7 spell: Haunt
 41149 | Spider:3 | Reached skill level 1 in Summonings
 41229 | Spider:3 | Reached XP level 17. HP: 102/102 MP: 23/36
 42291 | Swamp:1  | Entered Level 1 of the Swamp
 42379 | Swamp:1  | Reached skill level 5 in Summonings
 42606 | Swamp:1  | Found the +5 robe of Night {Dark MR+ SInv}
 43727 | Elf:1    | Entered Level 1 of the Elven Halls
 44195 | Elf:1    | Found a radiant altar of Vehumet.
 44497 | Elf:1    | Found Duliriyr's Weapon Shoppe.
 44498 | Elf:1    | Found Omeufach's Antique Weapon Shoppe.
 44501 | Elf:1    | Found Simidda's Gadget Shoppe.
 44504 | Elf:1    | Found Bofuituu's Antique Weapon Shoppe.
 44633 | Elf:1    | Reached skill level 10 in Summonings
 45886 | Elf:2    | Found a runed gate.
 45886 | Elf:2    | Found a runed gate.
 45895 | Elf:2    | Found a runed gate.
 46011 | Elf:2    | Reached skill level 14 in Spellcasting
 46536 | Spider:4 | Entered Level 4 of the Spider Nest
 47316 | Spider:4 | Reached XP level 18. HP: 38/107 MP: 21/38
 47586 | Spider:4 | Reached skill level 15 in Spellcasting
 48357 | Spider:4 | Paralysed by a hornet for 3 turns
 49103 | Spider:4 | Got a gossamer rune of Zot
 49975 | Swamp:2  | Found a runed gate.
 49975 | Swamp:2  | Found a runed gate.
 49975 | Swamp:2  | Found a runed gate.
 49980 | Swamp:2  | Got a pair of faintly glowing boots
 49991 | Swamp:2  | Identified the +0 pair of boots "Pucrugg" {Str+2} (You found it on level 2 of the Swamp)
 50039 | Swamp:2  | Noticed Eqorig's ghost (journeyman TrMo)
 50046 | Swamp:2  | Killed Eqorig's ghost
 50054 | Swamp:2  | Got a shimmering leather armour
 50118 | Swamp:2  | Identified the +3 leather armour "Wel Katsuti" {rN+} (You found it on level 2 of the Swamp)
 50308 | Swamp:2  | Reached skill level 1 in Translocations
 50520 | Swamp:3  | Noticed Louise
 50535 | Swamp:3  | Killed Louise
 50708 | Swamp:3  | Reached skill level 16 in Spellcasting
 50975 | Swamp:3  | Identified the Disquisition on Air and Displacement
 51342 | Swamp:4  | Entered Level 4 of the Swamp
 51611 | Swamp:4  | Paralysed by a hornet for 3 turns
 51891 | Swamp:4  | Reached skill level 17 in Spellcasting
 52624 | Swamp:4  | Reached skill level 18 in Spellcasting
 53480 | Swamp:4  | Got a decaying rune of Zot
 53764 | Vaults:1 | Entered Level 1 of the Vaults
 54125 | Vaults:1 | Reached XP level 19. HP: 102/114 MP: 35/43
 56366 | Vaults:2 | Reached skill level 19 in Spellcasting
 57344 | Vaults:2 | Reached skill level 20 in Spellcasting
 57993 | Vaults:3 | Found a staircase to the Crypt.
 58125 | Vaults:3 | Reached XP level 20. HP: 108/122 MP: 43/46
 59728 | Orc:2    | Bought a scroll of acquirement for 780 gold pieces
 61028 | Vaults:4 | Found Naopp's Magic Scroll Boutique.
 62258 | Elf:3    | Entered Level 3 of the Elven Halls
 62910 | Elf:3    | Noticed Nikola
 63482 | Elf:2    | Killed Nikola
 63663 | Elf:3    | Reached XP level 21. HP: 129/129 MP: 31/47
 63865 | Elf:3    | Got a translucent marble ring
 63878 | Elf:3    | Got a faintly glowing ivory ring
 63955 | Elf:3    | Got a steaming chain mail
 63971 | Elf:3    | Got an encrusted shortbow
 63990 | Elf:3    | Identified the ring of Kusk {rElec EV+3 Int+4 Dex+2 Slay-4} (You took it off a deep elf demonologist on level 3 of the Elven Halls)
 63994 | Elf:3    | Identified the ring of the Well-Known Eyes {MR- EV+3 Dex+8 Stlth+} (You took it off a deep elf annihilator on level 3 of the Elven Halls)
 64000 | Elf:3    | Got an ancient plate armour
 64002 | Elf:3    | Identified Foosh's Handbook of Warped Moulding
 64005 | Elf:3    | Got a scorched chain mail
 64132 | Elf:3    | Got a turquoise-encrusted chain mail
 64346 | Elf:3    | Learned a level 5 spell: Borgnjor's Vile Clutch
 64674 | Crypt:1  | Entered Level 1 of the Crypt
 65253 | Crypt:1  | Got a bloodstained cloak
 65264 | Crypt:1  | Identified the +0 cloak "Ehaw Rotum" {rC+ Int-5 Stlth+} (You found it on level 1 of the Crypt)
 66434 | Crypt:2  | Reached skill level 21 in Spellcasting
 67428 | Crypt:3  | Entered Level 3 of the Crypt
 68083 | Crypt:3  | Reached skill level 22 in Spellcasting
 68498 | Crypt:3  | Found a staircase to the Tomb.
 69241 | Crypt:3  | Noticed a curse toe
 69244 | Crypt:3  | Killed a curse toe
 69244 | Crypt:3  | Reached skill level 23 in Spellcasting
 69244 | Crypt:3  | Reached XP level 22. HP: 137/137 MP: 35/51
 69607 | Crypt:3  | Got a fine pewter ring
 69611 | Crypt:3  | Identified the ring "Qoricsic" {rN+ Int+4 Stlth+} (You found it on level 3 of the Crypt)
 69711 | Crypt:3  | Got a transparent brass ring
 69711 | Crypt:3  | Got a fine lead ring
 69713 | Crypt:3  | Identified the ring of Rajoucy {+Fly rElec rN+ Str-5 Int+2} (You found it on level 3 of the Crypt)
 69716 | Crypt:3  | Identified the ring "Wigga" {*Slow +Inv rElec rN+} (You found it on level 3 of the Crypt)
 70748 | Depths:1 | Entered Level 1 of the Depths
 71047 | D:9      | Bought a manual of Earth Magic for 1876 gold pieces
 71238 | Depths:1 | Reached skill level 1 in Earth Magic
 71379 | Depths:1 | Found a gateway to a ziggurat.
 71394 | Depths:1 | Reached skill level 24 in Spellcasting
 71527 | Depths:1 | Reached skill level 5 in Earth Magic
 71866 | Depths:1 | Paralysed by a floating eye for 2 turns
 72034 | Depths:1 | Found a gateway to Hell.
 72038 | Depths:1 | Identified the Guide on Aerial Dark Rituals
 72153 | Depths:2 | Reached skill level 10 in Earth Magic
 73444 | Depths:3 | Reached XP level 23. HP: 142/142 MP: 14/53
 74214 | Depths:3 | Reached skill level 15 in Fighting
 74362 | Depths:3 | Noticed a juggernaut
 74374 | Depths:3 | Noticed a caustic shrike
 74376 | Depths:3 | Mangled by an ettin

Skill      XL: |  1  2  3  4  5  6  7  8  9 10 11 12 13 14 15 16 17 18 19 20 21 22 23 |
---------------+----------------------------------------------------------------------+-----
Bows           | 5 |  5.0
Fighting       | 2 3 5 6 8 10 11 12 13 14 15 | 15.4
Dodging        | 3 4 5 6 8 9 11 13 15 16 17 18 20 | 20.0
Spellcasting   | 4 7 9 10 11 12 13 14 18 20 23 24 | 24.0
Necromancy     | 3 6 9 11 13 14 16 17 18 19 20 | 20.0
Staves         | 5 11 12 13 14 | 14.0
Charms         | 6 10 12 | 12.1
Air Magic      | 8 |  8.0
Summonings     | 3 12 | 12.0
Translocations | 2 |  2.1
Earth Magic    | 13 | 13.2
Stealth        | |  1.2

Action                   |  1- 3 |  4- 6 |  7- 9 | 10-12 | 13-15 | 16-18 | 19-21 | 22-24 || total
-------------------------+-------+-------+-------+-------+-------+-------+-------+-------++-------
Melee: Short sword       |    33 |     4 |       |       |       |       |       |       ||    37
       Falchion          |       |   251 |    72 |       |       |       |       |       ||   323
       Dagger            |       |       |   133 |       |       |       |       |       ||   133
       Staff             |       |       |   124 |     1 |       |       |       |       ||   125
       Lajatang          |       |       |       |   676 |  1828 |  1863 |  1432 |   642 ||  6441
 Fire: Shortbow          |   102 |    54 |    54 |    55 |       |       |       |       ||   265
 Cast: Pain              |       |       |   222 |   125 |    45 |    27 |     1 |       ||   420
       Vampiric Draining |       |       |    22 |    35 |    37 |    82 |    15 |     8 ||   199
       Dispel Undead     |       |       |       |    16 |    20 |    41 |   311 |    54 ||   442
       Agony             |       |       |       |    80 |   179 |   136 |    43 |    14 ||   452
       Regeneration      |       |       |       |    19 |   151 |   129 |    99 |    33 ||   431
       Excruciating Woun |       |       |       |       |     1 |     1 |     6 |     3 ||    11
       Animate Dead      |       |       |       |       |     3 |       |       |       ||     3
       Deflect Missiles  |       |       |       |       |     1 |     6 |     4 |     4 ||    15
       Blink             |       |       |       |       |       |    12 |    16 |     6 ||    34
       Haunt             |       |       |       |       |       |    48 |   121 |    24 ||   193
       Borgnjor's Vile C |       |       |       |       |       |       |     1 |    71 ||    72
Invok: Receive Corpses   |       |       |       |       |     4 |       |       |       ||     4
       Receive Necronomi |       |       |       |       |       |     1 |       |       ||     1
Evoke: Wand              |       |    10 |    18 |     5 |    26 |    12 |     1 |     1 ||    73
       Lightning rod     |       |       |       |       |    12 |    11 |     7 |       ||    30
       Phantom mirror    |       |       |       |       |     1 |       |       |       ||     1
  Use: Scroll            |       |    11 |     8 |     7 |    29 |    10 |    12 |     4 ||    81
       Potion            |       |     3 |     1 |     2 |     3 |     1 |     3 |     2 ||    15
 Stab: Sleeping          |       |     4 |     2 |       |     3 |       |     2 |     3 ||    14
       Confused          |       |     1 |       |       |     1 |     6 |       |       ||     8
       Distracted        |       |       |     1 |       |       |     7 |     8 |     2 ||    18
  Eat: Chunk             |     2 |    12 |    22 |    34 |    68 |    47 |    34 |     5 ||   224
       Ration            |       |     1 |       |     6 |     5 |    10 |    11 |     3 ||    36
Armor: Leather armour    |    33 |   113 |   111 |   218 |   286 |   158 |       |       ||   919
       Skin              |       |       |     7 |       |       |       |       |       ||     7
       Robe              |       |       |       |       |    83 |   350 |   275 |   137 ||   845
       Ring mail         |       |       |       |       |    17 |       |       |       ||    17
Dodge: Dodged            |    51 |   284 |   396 |   843 |  1951 |  2289 |  1675 |   732 ||  8221
       Deflected         |       |       |       |       |       |    58 |    37 |    32 ||   127
       Rpst.: Falchion   |       |    83 |    13 |       |       |       |       |       ||    96
